 Dungeon Crawl Stone Soup version 0.24.0-123-gd5b16e6ec5 (webtiles) character file.

Game seed: 6810456733997685535, levelgen mode: deterministic

612 Garessta the Skirmisher (level 7, -8/45 HPs)
             Began as a Tengu Monk on Feb 3, 2020.
             Mangled by a black bear (10 damage)
             ... on level 4 of the Dungeon.
             The game lasted 00:14:54 (5011 turns).

Garessta the Skirmisher (Tengu Monk)                Turns: 5011, Time: 00:14:55

Health: -8/45      AC:  8    Str: 13    XL:     7   Next: 44%
Magic:  8/8        EV:  8    Int: 11    God:
Gold:   282        SH:  0    Dex: 16    Spells: 6/6 levels left

rFire    . . .     SeeInvis .   a - +0 falchion
rCold    . . .     Gourm    .   (no shield)
rNeg     . . .     Faith    .   o - +0 chain mail
rPois    +         Spirit   .   (helmet restricted)
rElec    .         Reflect  .   (no cloak)
rCorr    .         Harm     .   (no gloves)
MR       .....                  (boots unavailable)
Stlth    ..........             r - amulet of rage
HPRegen  0.15/turn              q - ring of poison resistance
MPRegen  0.11/turn              (no ring)

@: flying quickly and evasively, heavily drained, quick
A: beak, talons 3, able to fly
a: Stop Flying, Evoke Berserk Rage


You were on level 4 of the Dungeon.
You were hungry.

You visited 1 branch of the dungeon, and saw 4 of its levels.

You collected 282 gold pieces.

Inventory:

Hand Weapons
 a - a +0 falchion (weapon)
Armour
 o - a +0 chain mail (worn)
Jewellery
 q - a ring of poison resistance (left hand)
 r - an amulet of rage (around neck)
Wands
 l - a wand of iceblast (4)
 m - a wand of polymorph (6)
Scrolls
 b - a scroll of identify
 d - 5 scrolls of remove curse
 e - a scroll of blinking {unknown}
 g - a scroll of magic mapping
 h - a scroll of amnesia
 j - a scroll of enchant armour {unknown}
 n - a scroll of noise {unknown}
 s - a scroll of teleportation
Potions
 f - a potion of brilliance
 i - a potion of resistance
 k - 3 potions of ambrosia
 p - a potion of mutation {unknown}
Comestibles
 c - 8 rations


   Skills:
 * Level 5.7(3.8) Fighting
 + Level 5.0(3.1) Long Blades
 + Level 3.4(1.6) Armour
 + Level 5.0(3.1) Dodging
 - Level 2.0(0.2) Stealth


You had 6 spell levels left.
You didn't know any spells.
Your spell library was empty.

Dungeon Overview and Level Annotations

Branches:
Dungeon (4/15)
 Temple: D:4-7

Altars:
Sif Muna

Annotations:
D:4 3 runed translucent doors, Ebobla's ghost, novice MiFi


Innate Abilities, Weirdness & Mutations

You have a beak for a mouth.
You have claws for feet.
You can fly continuously.


Message History

The black bear claws you but does no damage. x2
The black bear bites you but does no damage.
The black bear claws you. x2
Your chain mail prevents you from hitting the black bear.
Your kick misses the black bear.
The black bear is almost dead.
The black bear barely misses you. The black bear claws you.
The black bear completely misses you. The black bear bites you.
The black bear claws you but does no damage.
The black bear claws you.
Your chain mail prevents you from hitting the black bear.
You claw the black bear.
The black bear is almost dead.
The black bear bites you.
* * * LOW HITPOINT WARNING * * *
The black bear claws you.
* * * LOW HITPOINT WARNING * * *
The black bear claws you but does no damage.
The black bear bites you!
You die...

.# #.#... .# ##.#...
.####### ........
###....# #. ###.####
....##.# #.# #.
######.######.#### .
..........[......# #.
########.####.##.#
.......#.......#@#
...#...#.####..#h######
..#.#:r#.# #...oO..O.#
.....$F#.####.#######.#
..#.#.W#......# #.#
..#...#.####.# #o#
......#.# #.# #.O
#######.# #.# #.# ....
..# #.# #.#


You could see a black bear (berserk), an ogre and an orc.

Vanquished Creatures
  4 wights
  2 hounds
  A jelly (D:4)
  An orc wizard (D:4)
  Terence (D:3)
  Jessica (D:3)
  2 iguanas (D:3)
  2 worker ants
  A hound zombie (D:3)
  8 adders
  An ooze (D:3)
  A worm (D:2)
  A dart slug (D:3)
  3 leopard geckos
  6 orcs (D:3)
  7 bats
  8 giant cockroaches
  9 goblins
  10 hobgoblins
  3 jackals (D:2)
  2 quokkas
  4 ball pythons
  6 frilled lizards
  2 kobolds
  A quokka skeleton (D:4)
  6 rats
93 creatures vanquished.

Vanquished Creatures (others)
  A hobgoblin (D:3)
1 creature vanquished.

Grand Total: 94 creatures vanquished

Notes
Turn   | Place    | Note
-------+----------+-------------------------------------------
     0 | D:1      | Garessta the Tengu Monk began the quest for the Orb.
     0 | D:1      | Reached XP level 1. HP: 14/14 MP: 2/2
    63 | D:1      | Reached XP level 2. HP: 18/19 MP: 3/3
   673 | D:1      | Reached skill level 1 in Armour
   789 | D:2      | Reached XP level 3. HP: 15/23 MP: 4/4
  1188 | D:2      | Reached XP level 4. HP: 24/29 MP: 5/5
  2010 | D:3      | Gained mutation: You can fly continuously. [Tengu growth]
  2010 | D:3      | Reached XP level 5. HP: 21/33 MP: 6/6
  2175 | D:3      | Noticed Jessica
  2309 | D:3      | Killed Jessica
  2309 | D:3      | Noticed Terence
  2336 | D:3      | Killed Terence
  2713 | D:3      | Reached XP level 6. HP: 35/39 MP: 7/7
  3270 | D:4      | Reached skill level 5 in Fighting
  3389 | D:4      | Noticed a black bear
  3784 | D:3      | HP: 2/40 [wight/+4 mace (1)]
  3788 | D:3      | Reached XP level 7. HP: 3/44 MP: 8/8
  4805 | D:4      | Reached skill level 5 in Long Blades
  4805 | D:4      | Reached skill level 5 in Dodging
  4838 | D:4      | Found a shimmering blue altar of Sif Muna.
  4977 | D:4      | Found a runed translucent gate.
  4977 | D:4      | Found a runed translucent gate.
  4977 | D:4      | Found a runed translucent gate.
  4980 | D:4      | Noticed Ebobla's ghost (novice MiFi)
  5011 | D:4      | HP: 2/45 [black bear (6)]
  5011 | D:4      | Mangled by a black bear

Levels and vault maps discovered:
D:1:      sevenhm_arrival_forest_fort_small_4, layout_loops_ring,
          minmay_split_cup_large
D:2:      layout_basic, first_ration
D:3:      minmay_razor_zed, layout_basic, uniq_terence, uniq_jessica
D:4:      layout_loops_ring, gammafunk_ghost_split, st_stairs_7,
          kennysheep_decorative_pillar, tgw_sif

Skill      XL: |  1  2  3  4  5  6  7 |
---------------+----------------------+-----
Armour         | 1 2 3 |  3.4
Fighting       | 4 5 |  5.7
Long Blades    | 4 5 |  5.0
Dodging        | 4 5 |  5.0
Stealth        | |  2.0

Action                   |  1- 3 |  4- 6 |  7- 9 || total
-------------------------+-------+-------+-------++-------
Melee: Falchion          |    54 |   178 |    48 ||   280
       Kick              |    17 |    74 |    21 ||   112
       Peck              |     9 |    45 |    14 ||    68
 Abil: Fly               |       |     1 |       ||     1
  Use: Scroll            |     4 |     5 |       ||     9
       Potion            |       |     4 |       ||     4
 Stab: Distracted        |     1 |       |       ||     1
       Sleeping          |       |     2 |       ||     2
  Eat: Chunk             |       |     9 |       ||     9
       Ration            |       |       |     1 ||     1
Armor: Robe              |     3 |       |       ||     3
       Ring mail         |    15 |    15 |       ||    30
       Chain mail        |       |    58 |    29 ||    87
Dodge: Dodged            |    40 |    97 |    26 ||   163
       Rpst.: Falchion   |    13 |    34 |     7 ||    54
